 Dungeon Crawl Stone Soup version 0.26-a0-1021-gda264ca44c (webtiles) character file.

Game seed: 16351180901551788995

4975 lunkers the Slinger (level 10, -3/72 HPs)
             Began as a Halfling Hunter on Dec 9, 2020.
             Was an Initiate of Dithmenos.
             Slain by a wyvern (5 damage)
             ... on level 8 of the Dungeon.
             The game lasted 00:13:14 (9186 turns).

lunkers the Slinger (Halfling Hunter)               Turns: 9186, Time: 00:13:15

Health: -3/72      AC:  5    Str: 20    XL:     10   Next: 83%
Magic:  10/10      EV: 15    Int:  9    God:    Dithmenos [......]
Gold:   364        SH:  0    Dex: 16    Spells: 9/9 levels left

rFire    . . .     SeeInvis .   b - +11 falchion of Jiomumiugu {freeze, rPois Will+ Str+4}
rCold    + . .     Faith    .   (shield restricted)
rNeg     . . .     Spirit   .   s - +0 leather armour {rPois}
rPois    +         Reflect  .   (no helmet)
rElec    .         Harm     .   y - +0 cloak (curse)
rCorr    .         Rampage  .   J - +0 pair of gloves
Will     +....                  (no boots)
Stlth    ++........             m - amulet of the acrobat
HPRegen  0.22/turn              I - ring of flight
MPRegen  0.12/turn              p - ring of protection from cold

@: mighty, lethally poisoned (-3 -> -3), studying Stealth
A: small, mutation resistance 1
a: Renounce Religion, Evoke Flight


You were on level 8 of the Dungeon.
You worshipped Dithmenos.
Dithmenos was noncommittal.
You visited 2 branches of the dungeon, and saw 9 of its levels.

You collected 364 gold pieces.

Inventory:

Hand Weapons
 a - a +1 hunting sling
 b - the +11 falchion of Jiomumiugu (weapon) {freeze, rPois Will+ Str+4}
   (You found it on level 4 of the Dungeon)

   It has been specially enchanted to freeze those struck by it, causing extra
   injury to most foes and up to half again as much damage against particularly
   susceptible opponents.
   It can also slow down cold-blooded creatures.
   It affects your strength (+4).
   It protects you from poison.
   It affects your willpower, your defense against some magical effects.
 x - a +0 short sword
Missiles
 d - 45 sling bullets
 h - 148 stones (quivered ammo)
 D - 6 curare-tipped darts
Armour
 s - a +0 leather armour of poison resistance (worn)
 y - a cursed +0 cloak (worn)
 J - a +0 pair of gloves (worn)
Jewellery
 e - an uncursed ring of resist corrosion
 m - an amulet of the acrobat (around neck)
 p - a ring of protection from cold (right hand)
 A - an uncursed ring of protection from cold
 I - a ring of flight (left hand)
Wands
 c - a wand of iceblast (5)
 z - a wand of acid (13)
 H - a wand of random effects (23)
Scrolls
 f - 5 scrolls of remove curse {unknown}
 g - 2 scrolls of fog {unknown}
 i - a scroll of immolation {unknown}
 l - a scroll of random uselessness {unknown}
 o - 3 scrolls of teleportation {unknown}
 q - 4 scrolls of amnesia {unknown}
 t - a scroll of enchant armour {unknown}
 v - 4 scrolls of identify {unknown}
 B - 2 scrolls of holy word {unknown}
 G - a scroll of fear {unknown}
Potions
 j - 2 potions of brilliance {unknown}
 k - a potion of resistance {unknown}
 n - 2 potions of haste {unknown}
 r - 2 potions of might
 u - a potion of attraction {unknown}
 w - a potion of flight {unknown}
 C - a potion of curing {unknown}
 E - a potion of ambrosia {unknown}
Books
 F - a manual of Stealth


   Skills:
 + Level 8.3 Fighting
 * Level 10.5 Long Blades
 - Level 10.9 Slings
 - Level 2.1 Dodging
 - Level 1.1 Stealth


You had 9 spell levels left.
You didn't know any spells.
Your spell library contained the following spells:

 Spells                   Type           Power        Failure   Level
 Animate Skeleton         Necr           #.....       43%         1
 Apportation              Tloc           #.....       43%         1
 Corona                   Hex            #......      43%         1
 Freeze                   Ice            #...         43%         1
 Summon Small Mammal      Summ           #...         43%         1
 Frozen Ramparts          Ice            #.....       82%         3
 Ozocubu's Armour         Ice            #.......     82%         3
 Hailstorm                Conj/Ice       #.......     99%         4
 Summon Ice Beast         Ice/Summ       #.......     99%         4
 Bolt of Magma            Conj/Fire/Erth #.........   100%        5
 Iskenderun's Battlesphe  Conj           #.......     100%        5
 Iron Shot                Conj/Erth      #.........   100%        6
 Orb of Destruction       Conj           #.........   100%        7
 Spellforged Servitor     Conj/Summ      #.........   100%        7


Dungeon Overview and Level Annotations

Branches:
Dungeon (8/15)             Temple (1/1) D:7            Lair (0/6) D:8

Altars:
Ashenzari
Cheibriados
Dithmenos
Elyvilon
Fedhas
Gozag
Hepliaklqana
Kikubaaqudgha
Nemelex Xobeh
Okawaru
Qazlal
Sif Muna
Trog
Uskayaw
Vehumet
Wu Jian
Yredelemnul
Zin
The Shining One

Shops:
D:6 (

Annotations:
D:5 2 runed translucent doors, Dazliare's ghost, novice OpWn


Innate Abilities, Weirdness & Mutations

You are small and have problems with some larger weapons.
You are somewhat resistant to further mutation.


Message History

Dithmenos accepts your kill.
Unknown command.
You slash the water moccasin! You freeze the water moccasin.
The water moccasin is moderately wounded.
You feel sick. The water moccasin misses you.
You riposte.
You slice the water moccasin!!
The water moccasin seems to slow down.
You freeze the water moccasin.
You kill the water moccasin!
Dithmenos accepts your kill.
Unknown command.
The wyvern misses you. The basilisk bites you.
* * * LOW HITPOINT WARNING * * *
The wyvern completely misses you.
Things that are here:
a water moccasin corpse; a worker ant corpse; a wyvern corpse You slice the basilisk!!
The basilisk seems to slow down.
You freeze the basilisk.
The basilisk is severely wounded.
The wyvern bites you.
You die...

..........# #.###
#.###### ##.#####..#
#.# #.#
##.#####..#######.##
#<#
...................#
#.#
....####.########..#
#.# #........# #.†#
#.# ....###### #..#
#.# ##.##
#########l.# ...
.... ........@l.#
#.# .###
##########.# #.# .
#.# #####S# #...lB##
#....Y.# #P.....♣P.#
#...P.(.....#
#..............


You could see a basilisk (slow) and a wyvern.

Vanquished Creatures
  A two-headed ogre (D:7)
  Sigmund (D:2)
  2 wyverns (D:8)
  A yak (D:8)
  A steam dragon (D:8)
  3 water moccasins (D:8)
  2 orc warriors (D:7)
  4 ice beasts
  A phantom (D:6)
  4 ogres
  5 centaurs
  Blork the orc (D:5)
  A big kobold (D:8)
  A gnoll sergeant (D:5)
  A wyvern zombie (D:7)
  2 bullfrogs (D:7)
  A scorpion (D:7)
  6 killer bees (D:7)
  4 wights (D:6)
  2 howler monkeys
  4 hounds
  A quasit (D:7)
  5 orc priests
  Crazy Yiuf (D:4)
  A bullfrog skeleton (D:4)
  A centaur skeleton (D:7)
  An iguana (D:8)
  5 orc wizards
  4 worker ants
  A hound skeleton (D:5)
  A howler monkey zombie (D:7)
  11 adders
  6 gnolls
  An ufetubus (D:6)
  An ooze (D:1)
  An adder skeleton (D:6)
  3 worms
  3 dart slugs
  7 leopard geckos
  33 orcs
  A ball python (D:4)
  5 giant cockroaches
  2 gnoll zombies (D:4)
  10 goblins
  2 hobgoblins
  9 jackals
  13 kobolds
  4 quokkas
  10 bats
  4 frilled lizards
  A jackal skeleton (D:8)
  A jackal zombie (D:6)
  A quokka zombie (D:6)
  10 rats
208 creatures vanquished.

Vanquished Creatures (others)
  2 fungi
  4 plants
6 creatures vanquished.

Grand Total: 214 creatures vanquished

Notes
Turn   | Place    | Note
-------+----------+-------------------------------------------
     0 | D:1      | lunkers the Halfling Hunter began the quest for the Orb.
     0 | D:1      | Reached XP level 1. HP: 14/14 MP: 1/1
    37 | D:1      | Reached XP level 2. HP: 19/19 MP: 2/2
   414 | D:1      | Reached XP level 3. HP: 24/24 MP: 3/3
   963 | D:2      | Reached XP level 4. HP: 30/30 MP: 4/4
  1140 | D:2      | Found a white marble altar of Elyvilon.
  1148 | D:2      | Noticed Sigmund
  1159 | D:2      | Killed Sigmund
  1160 | D:2      | Reached XP level 5. HP: 26/36 MP: 5/5
  1160 | D:2      | Reached XP level 6. HP: 31/42 MP: 6/6
  2690 | D:4      | Reached XP level 7. HP: 36/47 MP: 7/7
  2708 | D:4      | Reached skill level 10 in Slings
  2984 | D:4      | You fall into a shaft and drop 1 floor!
  2984 | D:5      | Entered Level 5 of the Dungeon
  3019 | D:5      | Noticed a two-headed ogre
  3045 | D:5      | Found a large runed translucent door.
  3046 | D:5      | Found a large runed translucent door.
  3287 | D:4      | Found a basalt altar of Yredelemnul.
  3494 | D:4      | Found a snail-covered altar of Cheibriados.
  3558 | D:4      | Noticed a moth of wrath
  3561 | D:4      | Found a bloodstained altar of Trog.
  3588 | D:4      | Got a masterwork falchion
  3589 | D:4      | Identified the +11 falchion of Jiomumiugu {freeze, rPois
                  | Will+ Str+4} (You found it on level 4 of the Dungeon)
  3685 | D:4      | Found a runed translucent door.
  3686 | D:4      | Noticed Crazy Yiuf
  3806 | D:4      | Killed Crazy Yiuf
  3856 | D:5      | Reached skill level 1 in Long Blades
  3856 | D:5      | Reached XP level 8. HP: 54/54 MP: 8/8
  3941 | D:5      | Noticed Dazliare's ghost (novice OpWn)
  3989 | D:5      | Found a blossoming altar of Fedhas.
  4302 | D:5      | Noticed Blork the orc
  4308 | D:5      | Killed Blork the orc
  4309 | D:5      | Reached skill level 5 in Fighting
  5675 | D:6      | Reached skill level 5 in Long Blades
  5815 | D:6      | Found a hide-covered altar of Uskayaw.
  5854 | D:6      | Reached XP level 9. HP: 47/62 MP: 9/9
  6056 | D:6      | Found Zeed Jaw's Weapon Shoppe.
  7528 | D:7      | Reached XP level 10. HP: 48/71 MP: 10/10
  8200 | D:7      | Found a staircase to the Ecumenical Temple.
  8371 | D:7      | Killed a two-headed ogre
  8559 | Temple   | Entered the Ecumenical Temple
  8849 | Temple   | Became a worshipper of Dithmenos the Shadowed
  8983 | D:8      | Reached skill level 10 in Long Blades
  9157 | D:8      | Found a staircase to the Lair.
  9185 | D:8      | HP: 2/72 [basilisk (2)]
  9186 | D:8      | Slain by a wyvern

Illustrated notes

Levels and vault maps discovered:
D:1:      minmay_arrival_four_circles, layout_basic, minmay_3d_cube
D:2:      layout_basic, mrwooster_statue_mirror, elyvilon_altar_4, uniq_sigmund
D:3:      layout_loops_ring
D:4:      layout_cave_pools, tgw_trog, cheibriados_altar_1,
          lemuel_zombie_altar_yredelemnul, portal_sewer_entry_b,
          grunt_ministairs_6, uniq_crazy_yiuf_cottage
D:5:      layout_cave_pods, fedhas_altar_3, ebering_ghost_disaster_area,
          minmay_holes, minivault_11, minmay_misc_feat_tower, lightli_minifort,
          uniq_blork_the_orc
D:6:      layout_basic, kennysheep_little_box, serial_shops,
          nicolae_shop_crystal, kennysheep_generic_room_4
D:7:      layout_loops_corners, temple_doors_ab, minmay_manual_mail
D:8:      layout_loops_ring, lemuel_coloured_pillars_altar,
          minmay_lair_entry_grove, nicolae_ossuary_entry_false_entrances,
          nicolae_tso_swordbearing_angel
Temple:   eino_temple_water

Skill      XL: |  1  2  3  4  5  6  7  8  9 10 |
---------------+-------------------------------+-----
Slings         | 6 7 8 9 10 | 10.9
Fighting       | 2 3 4 5 7 8 |  8.3
Long Blades    | 1 5 8 10 | 10.5
Dodging        | |  2.1
Stealth        | |  1.1

Action                   |  1- 3 |  4- 6 |  7- 9 | 10-12 || total
-------------------------+-------+-------+-------+-------++-------
Melee: Falchion          |       |       |   147 |    85 ||   232
 Fire: Hunting sling     |    59 |   153 |    96 |       ||   308
Throw: Stone             |       |       |    21 |     7 ||    28
Evoke: Wand              |       |       |     2 |       ||     2
  Use: Potion            |       |       |       |     1 ||     1
 Stab: Sleeping          |       |       |     2 |     1 ||     3
Armor: Leather armour    |       |     8 |    21 |     8 ||    37
Dodge: Dodged            |     9 |     9 |   181 |    46 ||   245
       Rpst.: Falchion   |       |       |    49 |    12 ||    61

Table legend: (Time is in decaauts)
 A = Elapsed time spent in this place.
 B = Non-inter-level travel time spent in this place.
 C = Inter-level travel time spent in this place.
 D = Time resting spent in this place.
 E = Time spent auto-exploring this place.
 F = Levels seen in this place.
 G = Mean time per level.
                   A        B        C        D        E       F      G
               +--------+--------+--------+--------+--------+-----+--------+
         Total |   9093 |   8808 |    285 |      0 |   7507 |   9 | 1010.3 |
       Dungeon |   8788 |   8504 |    284 |      0 |   7304 |   8 | 1098.5 |
        Temple |    304 |    304 |      0 |      0 |    203 |   1 |  304.0 |
               +--------+--------+--------+--------+--------+-----+--------+

Top non-repeatable levels by time:
     D:7: 2054 daAuts
     D:6: 1451 daAuts
     D:5: 1385 daAuts
     D:4: 1247 daAuts
     D:1: 811 daAuts
     D:2: 787 daAuts
     D:3: 777 daAuts
  Temple: 304 daAuts
     D:8: 273 daAuts
